Map: Ley Lines

Players

spondishy

  • Race: Zerg Zerg
  • League: Master
  • Spawn Location: 1:00

Sindyr - Winner!

  • Race: Terran Terran
  • League: Master
  • Spawn Location: 7:00

VOD

Have the link to the VOD?

Description

Time

  • Played on: Oct. 20, 2025, 11:28 a.m.
  • Length: 18:22
Show
View Real Time Build Order
Export as new Build Order

spondishy Zerg 

Build Orders: Pool First 

Get SALT Encoding   

  12  0:03  Drone  
  13  0:09  Drone  
  14  0:18  Overlord  
  14  0:25  Extractor  
  14  0:27  Drone  
  15  0:43  Spawning Pool  
  15  0:44  Drone  
  15  0:47  Drone  
  16  0:53  Drone  
  17  0:59  Drone, Extractor  
  17  1:09  Drone  
  18  1:27  Drone  
  18  1:31  Hatchery  
  18  1:33  Overlord  
  18  1:41  Zergling x2  
  19  1:47  Queen  
  19  1:52  Zergling x2  
  22  2:11  Zergling x2  
  23  2:28  Lair  
  23  2:39  Extractor  
  20  3:22  Drone  
  20  3:23  Drone x5  
  25  3:39  Drone x3  
  25  3:40  Drone  
  29  3:41  Spine Crawler  
  29  3:42  Spine Crawler  
  27  3:53  Overlord x2  
  27  3:56  Spine Crawler  
  26  4:05  Spire  
  25  4:10  Drone x3  
  25  4:13  Queen  
  30  4:23  Spore Crawler  
  29  4:32  Drone x3  
  29  4:33  Drone x2  
  29  4:35  Spore Crawler  
  33  4:48  Overlord  
  33  4:49  Overlord  
  33  4:54  Drone x2  
  33  4:55  Drone x2  
  37  5:12  Mutalisk x2  
  37  5:13  Mutalisk x2  
  45  5:14  Mutalisk  
  45  5:15  Mutalisk  
  49  5:24  Metabolic Boost  
  49  5:28  Drone x4  
  53  5:34  Extractor  
  52  5:36  Extractor  
  52  5:37  Zergling x6  
  52  5:38  Zergling x2  
  55  6:00  Infestation Pit  
  54  6:04  Zergling x4  
  54  6:05  Zergling x6  
  59  6:26  Hatchery  
  58  6:34  Hatchery  
  51  7:39  Zergling x8  
  51  7:40  Zergling x6  
  58  7:52  Hive  
  58  7:56  Drone x4  
  58  7:57  Drone x2  
  64  8:20  Evolution Chamber  
  64  8:21  Evolution Chamber  
  62  8:27  Drone x2  
  62  8:28  Drone x7  
  62  8:29  Drone x2  
  73  8:38  Spore Crawler  
  73  8:40  Spore Crawler  
  71  8:44  Spore Crawler x2  
  71  8:46  Spore Crawler  
  68  9:00  Spore Crawler  
  67  9:12  Spore Crawler  
  67  9:14  Spine Crawler, Ultralisk Cavern, Zerg Melee Weapons Level 1  
  67  9:16  Zerg Ground Armor Level 1  
  67  9:17  Spore Crawler  
  63  9:18  Spine Crawler  
  63  9:19  Spine Crawler  
  63  9:20  Drone x4  
  63  9:21  Drone x2  
  67  9:40  Overlord x3  
  67  9:41  Overlord x2  
  67  9:44  Drone x6  
  67  9:45  Drone  
  74  10:05  Chitinous Plating  
  74  10:07  Extractor  
  74  10:11  Ultralisk x2  
  74  10:12  Ultralisk x2  
  97  10:17  Ultralisk  
  103  10:23  Drone x3  
  103  10:24  Drone x2  
  108  10:53  Drone  
  108  10:54  Drone x2  
  108  10:55  Ultralisk  
  117  10:57  Overlord x3  
  117  10:58  Overlord  
  117  11:07  Adrenal Glands  
  117  11:10  Zerg Melee Weapons Level 2  
  117  11:12  Zerg Ground Armor Level 2  
  117  11:24  Anabolic Synthesis  
  117  11:25  Pneumatized Carapace  
  117  11:36  Overseer  
  117  11:44  Ultralisk  
  123  11:47  Zergling x6  
  123  11:48  Zergling x14  
  123  11:49  Zergling x4  
  135  12:07  Extractor  
  134  12:09  Overlord x3  
  134  12:10  Overlord  
  134  12:11  Drone x2  
  136  12:55  Zerg Flyer Weapons Level 1  
  132  13:05  Spire  
  131  13:18  Spore Crawler  
  130  13:20  Spore Crawler  
  130  13:21  Spore Crawler x2  
  130  13:25  Spore Crawler x2  
  125  13:33  Spore Crawler  
  125  13:34  Ultralisk x5  
  142  13:35  Spore Crawler  
  142  13:36  Spore Crawler x2  
  151  13:48  Spore Crawler  
  151  13:49  Spore Crawler x2  
  151  13:51  Spore Crawler  
  151  13:52  Spore Crawler  
  151  13:54  Spore Crawler  
  151  13:55  Spore Crawler  
  144  13:56  Spore Crawler x2  
  144  13:57  Spore Crawler x3  
  144  14:01  Spore Crawler  
  144  14:02  Spore Crawler  
  137  14:04  Spore Crawler  
  137  14:09  Spore Crawler, Drone x4  
  140  14:10  Drone x8, Spore Crawler  
  140  14:14  Spore Crawler x2  
  140  14:15  Spore Crawler  
  99  15:23  Corruptor x6  
  99  15:24  Corruptor  
  115  15:34  Corruptor  
  63  17:07  Drone x6  
  63  17:08  Drone x3  
  66  17:26  Spine Crawler  
  64  17:34  Spore Crawler  
  45  17:37  Spore Crawler  
  20  17:57  Drone x2  
  11  17:58  Drone x2  
Show
View Real Time Build Order
Export as new Build Order

Sindyr Terran - Winner!

Build Orders:  

Get SALT Encoding   

  12  0:02  SCV  
  13  0:15  SCV  
  13  0:18  Supply Depot  
  14  0:27  SCV  
  15  0:43  Barracks  
  15  0:47  SCV  
  16  0:53  Refinery  
  16  0:59  SCV  
  17  1:11  SCV  
  18  1:23  SCV  
  19  1:38  Command Center  
  19  1:42  Orbital Command  
  19  1:47  Barracks Reactor  
  19  2:12  SCV  
  20  2:22  Supply Depot  
  20  2:24  Marine x2  
  20  2:28  SCV  
  23  2:40  SCV  
  23  2:46  Marine x2  
  24  2:53  SCV  
  24  2:57  Orbital Command  
  25  3:04  Marine x2  
  25  3:05  SCV  
  28  3:17  SCV  
  27  3:22  Marine x2  
  27  3:23  Barracks  
  27  3:25  Barracks  
  29  3:27  Refinery, SCV  
  29  3:29  SCV  
  31  3:39  SCV  
  33  3:41  SCV  
  33  3:43  Marine x2, Factory  
  35  3:51  SCV  
  35  3:53  SCV  
  35  3:55  Supply Depot  
  37  3:58  Supply Depot  
  37  4:04  SCV  
  37  4:05  SCV  
  39  4:10  Barracks Tech Lab  
  39  4:11  Barracks Tech Lab  
  39  4:15  Marine  
  39  4:16  Marine, SCV  
  42  4:17  SCV  
  42  4:23  Bunker  
  43  4:28  SCV  
  43  4:29  SCV  
  43  4:30  Combat Shield, Stimpack  
  45  4:32  Factory Reactor  
  45  4:33  Marine  
  46  4:39  Starport  
  46  4:40  SCV  
  46  4:41  Marine x2, SCV  
  46  4:42  Marine  
  51  4:48  Refinery  
  51  4:52  SCV  
  52  4:53  Supply Depot  
  52  4:54  SCV  
  52  4:55  Supply Depot  
  53  5:01  Engineering Bay  
  53  5:04  SCV  
  53  5:06  SCV  
  55  5:09  Engineering Bay  
  55  5:16  SCV  
  55  5:18  SCV  
  57  5:26  Factory Tech Lab  
  57  5:27  Medivac x2  
  61  5:28  SCV  
  61  5:33  Refinery  
  62  5:40  SCV x2, Command Center  
  64  5:46  Terran Infantry Weapons Level 1, Terran Infantry Armor Level 1  
  64  5:52  SCV x2  
  66  5:57  Armory  
  66  6:09  Barracks  
  66  6:12  Barracks x2, Medivac  
  66  6:13  Barracks  
  66  6:16  Medivac  
  70  6:33  Bunker  
  70  6:40  Command Center, Marine  
  70  6:41  Marine x3  
  73  6:49  Missile Turret  
  73  6:50  Missile Turret  
  73  6:52  Missile Turret  
  70  7:00  Marine  
  70  7:01  Marine x3  
  73  7:08  Missile Turret  
  73  7:10  Missile Turret  
  73  7:11  Missile Turret  
  73  7:50  Barracks Reactor x2  
  73  7:54  Missile Turret  
  73  7:55  Missile Turret  
  73  7:57  Missile Turret  
  73  7:58  Missile Turret  
  73  8:02  Starport, Terran Infantry Weapons Level 2, Terran Infantry Armor Level 2  
  73  8:03  Missile Turret, Starport  
  73  8:05  Starport, Orbital Command  
  73  8:12  SCV x2  
  75  8:24  SCV x2  
  77  8:36  SCV x2  
  77  8:38  Refinery  
  77  8:39  Refinery  
  79  8:41  Missile Turret  
  79  8:44  Missile Turret  
  79  8:45  Missile Turret  
  79  8:46  Starport Tech Lab  
  79  8:47  Starport Reactor  
  79  8:48  Missile Turret, SCV x2  
  80  8:52  Fusion Core  
  80  8:54  Starport Tech Lab  
  81  8:57  Armory  
  81  9:00  SCV x2  
  81  9:02  Missile Turret  
  83  9:06  Missile Turret  
  83  9:09  Missile Turret  
  83  9:14  SCV  
  83  9:15  SCV x2  
  86  9:21  Orbital Command  
  86  9:26  SCV  
  86  9:27  SCV x2  
  89  9:39  SCV x3, Terran Ship Weapons Level 1  
  89  9:42  Barracks Reactor  
  92  9:51  SCV x3, Terran Vehicle And Ship Armor Level 1  
  95  9:57  Battlecruiser  
  95  9:58  Barracks Reactor, Battlecruiser, Marine  
  108  10:08  Supply Depot  
  108  10:09  Supply Depot  
  108  10:11  Supply Depot  
  108  10:15  Supply Depot  
  108  10:29  Marine x7  
  108  10:30  SCV, Marine  
  117  10:43  Sensor Tower  
  117  10:47  Marine  
  117  10:48  Sensor Tower, Terran Infantry Weapons Level 3, Terran Infantry Armor Level 3  
  118  10:52  Sensor Tower  
  118  10:55  Sensor Tower  
  118  11:17  SCV  
  118  11:18  Refinery  
  119  11:20  Refinery  
  119  11:23  Supply Depot, Weapon Refit  
  119  11:25  Supply Depot  
  119  11:29  SCV  
  120  11:41  SCV  
  120  11:44  Terran Ship Weapons Level 2  
  121  11:50  Battlecruiser x2  
  121  11:53  SCV  
  134  12:05  Starport, SCV  
  135  12:18  Terran Vehicle And Ship Armor Level 2  
  135  12:40  Battlecruiser  
  135  12:41  Medivac x2  
  135  12:42  Marine  
  135  12:43  Marine x5  
  151  13:02  Starport Tech Lab  
  151  13:17  Battlecruiser x2  
  163  13:21  Battlecruiser  
  163  13:23  Medivac x2  
  163  13:25  Marine x5  
  163  13:26  Marine  
  179  13:40  Command Center  
  179  13:55  Caduceus Reactor  
  179  14:17  Terran Ship Weapons Level 3  
  136  15:08  Battlecruiser x4  
  136  15:09  Marine  
  136  15:10  Marine x12  
  141  15:23  Terran Vehicle And Ship Armor Level 3  
  141  15:27  Marine x4  
  145  15:47  Command Center  
  123  16:12  Battlecruiser  
  114  16:31  Battlecruiser x3  
  114  16:32  Marine x6  
  133  16:33  Marine x7  
  133  16:36  Hellion  
  147  16:50  Marine x8  
  155  16:57  Hellion  
  155  16:59  Starport Tech Lab  
  143  17:02  Command Center  
  143  17:10  Planetary Fortress, Refinery  
  143  17:16  Battlecruiser  
  143  17:19  Hellion  
  123  17:40  Hellion  
  106  18:01  Hellion  
Tags
 
Matchup
TvZ
Opening
Pool First
Replay Pack
Multiplayer
Spawn Locations
Cross Positions
Add a new tag
Caveats
  • Supply blocks, unpowered buildings, or Contaminate may cause inaccurate times.
  • Supply counts are checked every 10 seconds.